 Dungeon Crawl Stone Soup version 0.31.0-11-ge490571c62 (webtiles) character file.

Game seed: 17949867193001885873

58 SmokeWeed the Sneak (level 3, -1/28 HPs)
             Began as a Minotaur Enchanter on Feb 3, 2024.
             Slain by a ribbon worm (3 damage)
             ... on level 3 of the Dungeon.
             The game lasted 00:03:02 (1618 turns).

SmokeWeed the Sneak (Minotaur Enchanter)            Turns: 1618, Time: 00:03:02

Health: -1/28      AC: 10    Str: 14    XL:     3   Next: 76%
Magic:  4/4        EV:  4    Int: 12    God:
Gold:   51         SH:  0    Dex: 10    Spells: 5/5 levels left

rFire   . . .        o - +1 spear (heavy)
rCold   . . .        (no shield)
rNeg    . . .        g - +0 plate armour
rPois   .            (helmet restricted)
rElec   .            i - scarf {harm}
rCorr   .            (no gloves)
SInv    .            (no boots)
Will    .....        (no amulet) Stlth
                     (no ring)
HPRegen 0.24/turn    (no ring)
MPRegen 0.09/turn

%: harm (+30% outgoing, +20% incoming)
@: no status effects
A: horns 2, retaliatory headbutt
a: no special abilities


You were on level 3 of the Dungeon.
You visited 1 branch of the dungeon, and saw 3 of its levels.

You collected 51 gold pieces.

Inventory:

Hand Weapons
 a - a +1 dagger
 f - a +0 mace
 o - a +1 heavy spear (weapon)
Missiles
 k - 3 curare-tipped darts (quivered)
Armour
 b - a +0 robe
 g - a +0 plate armour (worn)
 i - a scarf of harm (worn)
Scrolls
 d - 4 scrolls of identify {unknown}
 h - a scroll of fear {unknown}
 j - 2 scrolls of teleportation {unknown}
 l - a scroll of immolation {unknown}
 n - a scroll of revelation {unknown}
 p - a scroll of poison {unknown}
 q - a scroll of blinking {unknown}
 r - a scroll of amnesia {unknown}
Potions
 c - 2 potions of invisibility
 e - 2 potions of curing {unknown}
 m - 2 potions of lignification {unknown}
 s - a potion of degeneration {unknown}


   Skills:
 * Level 1.6 Fighting
 - Level 1.1 Short Blades
 + Level 0.3 Polearms
 * Level 2.1 Armour
 + Level 2.3 Dodging
 - Level 2.4 Stealth
 + Level 1.8 Spellcasting
 + Level 2.2 Hexes


You had 5 spell levels left.
You didn't know any spells.
Your spell library contained the following spells:

 Spells                   Type           Power      Damage    Failure   Level
 Ensorcelled Hibernation  Hex/Ice        6%         N/A       100%        2
 Confusing Touch          Hex            6%         N/A       100%        3
 Dazzling Flash           Conj/Hex       6%         N/A       100%        3
 Tukima's Dance           Hex            6%         N/A       100%        3


Dungeon Overview and Level Annotations

Branches:
Dungeon (3/15)

Altars:
Ashenzari


Innate Abilities, Weirdness & Mutations

You have a pair of horns on your head.
You reflexively headbutt those who attack you in melee.


Message History

The ball python grabs you. The ball python constricts you.
You escape the ball python's grasp.
You feel sick. The adder bites you but does no damage.
You feel sick.
You are no longer poisoned.
The adder bites you.
You are poisoned.
The adder poisons you!
You feel sick. The ball python completely misses you.
The ball python grabs you. The ball python constricts you.
The adder attacks as it pursues you! The adder bites you but does no damage.
The ball python bites you but does no damage.
The ball python constricts you.
You escape the ball python's grasp.
You feel sick.
You feel sick. The adder attacks as it pursues you! The adder bites you. x2
You are more poisoned.
The adder poisons you!
You feel sick.
The ball python attacks as it pursues you!
The ball python bites you.
* * * LOW HITPOINT WARNING * * *
The ball python grabs you. The ball python constricts you.
The adder bites you but does no damage.
You escape the ball python's grasp.
You feel sick.
You puncture the adder!
You kill the adder!
* * * LOW HITPOINT WARNING * * *
You feel sick.
The ball python bites you but does no damage.
The ball python grabs you. The ball python constricts you.
Your Armour skill increases to level 2!
Okay, then.
You puncture the ball python!
You kill the ball python!
You feel sick.
You hit the ribbon worm but do no damage.
You feel sick.
You are no longer poisoned.
The ribbon worm bites you.
You die...

#........ .##
##.......##...# #
...............
#.#######.......#
#...<#......###.#
####.#.....>#
#.#..###.###.#
###†...###......
#....#.w@....#
#....#####.....#
#...## ....#
##)## ...# #.#
..# #.# .# #.# #
#.# #.#


You could see a ribbon worm.

Vanquished Creatures
  2 adders
  3 bats
  2 endoplasms (D:1)
  A giant cockroach (D:1)
  3 goblins
  7 hobgoblins
  6 quokkas
  5 ball pythons
  A frilled lizard (D:2)
  2 kobolds
  4 rats
36 creatures vanquished.

Notes
Turn   | Place    | Note
-------+----------+-------------------------------------------
     0 | D:1      | SmokeWeed the Minotaur Enchanter began the quest for the
                  | Orb.
     0 | D:1      | Reached XP level 1. HP: 14/14 MP: 1/1
   168 | D:1      | Reached XP level 2. HP: 17/22 MP: 3/3
   295 | D:1      | Reached skill level 1 in Fighting
   301 | D:1      | Found a faded altar of an unknown god.
   308 | D:1      | Reached skill level 1 in Armour
   802 | D:2      | Found a broken altar of Ashenzari.
   894 | D:2      | Reached XP level 3. HP: 28/28 MP: 4/4
  1618 | D:3      | Slain by a ribbon worm

Illustrated notes

Levels and vault maps discovered:
D:1:      spicycebolla_green_bress_n_ham, layout_loops_ring,
          ebering_ecumenical_altar_rust
D:2:      layout_basic, basic_altar, serial_bayou_pond_b, chequers_big_river,
          nicolae_the_louvre
D:3:      layout_loops_cross

Skill      XL: |  1  2  3 |
---------------+----------+-----
Fighting       | 1 |  1.6
Armour         | 1 2 |  2.1
Short Blades   | |  1.1
Polearms       | |  0.3
Dodging        | |  2.3
Stealth        | |  2.4
Spellcasting   | |  1.8
Hexes          | |  2.2

Action                     || total
---------------------------++-------
  Melee: Dagger            ||    15
         Headbutt          ||    13
         Mace              ||    36
         Spear             ||    30
   Stab: Sleeping          ||     1
 Armour: Robe              ||     4
         Plate armour      ||    81
  Dodge: Dodged            ||    21
